 Dungeon Crawl Stone Soup version 0.23-a0-819-g6debee6 (webtiles) character file.

79245 varaam the Destroyer (level 15, -7/80 HPs)
             Began as a Deep Elf Fire Elementalist on Jan 21, 2019.
             Was a High Priest of Vehumet.
             Mangled by Rupert
             ... wielding a +4 executioner's axe of flaming
              (10 damage)
             ... on level 14 of the Dungeon on Jan 22, 2019.
             The game lasted 02:37:35 (31593 turns).

varaam the Destroyer (Deep Elf Fire Elementalist)  Turns: 31593, Time: 02:37:35

Health: -7/80      AC: 14    Str:  8    XL:     15   Next: 20%
Magic:  8/32       EV: 20    Int: 26    God:    Vehumet [*****.]
Gold:   1817       SH:  0    Dex: 18    Spells: 1/36 levels left

rFire    . . .     SeeInvis .   Y - +10 short sword of the Gloaming {pain, rElec}
rCold    . . .     Gourm    .   (no shield)
rNeg     . . .     Faith    .   G - +2 robe "Giocorhe" {Int+2 Dex+3}
rPois    +         Spirit   .   (no helmet)
rElec    +         Reflect  .   M - +2 cloak {MR+} {MR+}
rCorr    .         Harm     .   X - +0 pair of gloves of Narcissism {Regen+} (curse)
MR       ++...                  J - +0 pair of boots
Stlth    ++........             P - amulet of the acrobat
HPRegen  0.63/turn              W - ring of wizardry {Wiz+}
MPRegen  0.23/turn              U - +4 ring of protection

@: no status effects
A: frail 1, poison resistance, subdued magic 1
a: Renounce Religion


You were on level 14 of the Dungeon.
You worshipped Vehumet.
Vehumet was extremely pleased with you.
You were hungry.

You visited 4 branches of the dungeon, and saw 23 of its levels.
You also visited: Sewer and Gauntlet.

You collected 1817 gold pieces.

Inventory:

Hand Weapons
 Y - the +10 short sword of the Gloaming (weapon) {pain, rElec}
   (You found it on level 6 of the Dungeon)

   In the hands of one skilled in necromantic magic, it inflicts extra damage on
   living creatures.
   It insulates you from electricity.
Missiles
 e - 6 tomahawks (quivered)
 h - 3 tomahawks of returning
 o - 15 poisoned needles
 Z - 21 javelins
Armour
 G - the +2 robe "Giocorhe" (worn) {Int+2 Dex+3}
   (You found it in a Gauntlet)

   It affects your intelligence (+2).
   It affects your dexterity (+3).
 J - a +0 pair of boots (worn)
 M - a +2 cloak of magic resistance (worn) {MR+}
 X - the cursed +0 pair of gloves of Narcissism (worn) {Regen+}
   (You found it in a Gauntlet)

   It increases your rate of regeneration.
   It has a curse placed upon it.
Jewellery
 d - a +3 ring of protection
 F - an uncursed ring of protection from fire
 I - an uncursed ring of protection from cold
 P - an amulet of the acrobat (around neck)
 U - a +4 ring of protection (right hand)
 W - a ring of wizardry (left hand) {Wiz+}
Wands
 q - a wand of paralysis (7)
Scrolls
 a - 5 scrolls of remove curse
 b - a scroll of immolation {!r}
 i - 2 scrolls of identify
 j - a scroll of amnesia
 l - a scroll of fog {unknown}
 r - a scroll of enchant weapon
 t - 3 scrolls of teleportation
 v - 2 scrolls of magic mapping {!r}
 B - a scroll of blinking {!r}
 D - 2 scrolls of noise {unknown}
 K - a scroll of vulnerability {unknown}
 S - 2 scrolls of silence {unknown}
Potions
 f - 6 potions of curing
 g - a potion of cancellation {unknown}
 k - 3 potions of flight
 m - 4 potions of brilliance
 n - 3 potions of lignification {unknown}
 p - 3 potions of invisibility
 u - 2 potions of haste
 A - 5 potions of heal wounds
 C - 2 potions of agility {unknown}
 L - a potion of berserk rage {unknown}
Comestibles
 c - 37 rations


   Skills:
 + Level 8.4 Fighting
 - Level 12.0 Short Blades
 - Level 6.0 Armour
 - Level 10.0 Dodging
 - Level 2.4 Stealth
 - Level 11.0 Spellcasting
 + Level 13.4 Conjurations
 + Level 0.5 Charms
 + Level 4.2 Necromancy
 - Level 4.1 Translocations
 + Level 13.3 Fire Magic
 - Level 2.3 Ice Magic


You had one spell level left.
You knew the following spells:

 Your Spells              Type           Power        Failure   Level  Hunger
a - Flame Tongue          Conj/Fire      #####        0%          1    None
b - Mephitic Cloud        Conj/Pois/Air  ####....     1%          3    None
c - Conjure Flame         Conj/Fire      ######..     1%          3    None
d - Passage of Golubria   Tloc           N/A          2%          4    None
e - Summon Mana Viper     Hex/Summ       ##......     38%         5    ###....
f - Fireball              Conj/Fire      ######....   1%          5    ###....
g - Throw Icicle          Conj/Ice       #####...     1%          4    None
r - Regeneration          Chrm/Necr      ###.......   1%          3    None
s - Sticky Flame          Conj/Fire      ######..     1%          4    None
x - Vampiric Draining     Necr           ####......   1%          3    None

Your spell library contained the following spells:

 Spells                   Type           Power        Failure   Level  Hunger
 Bolt of Magma            Conj/Fire/Erth #####.....   1%          5    ###....
 Magic Dart               Conj           ####         0%          1    None
 Beastly Appendage        Tmut           ##....       1%          1    None
 Freeze                   Ice            ###.         1%          1    None
 Infusion                 Chrm           ##..         1%          1    None
 Throw Flame              Conj/Fire      ######       0%          2    None
 Blink                    Tloc           N/A          1%          2    None
 Corpse Rot               Necr           N/A          1%          2    None
 Poisonous Vapours        Pois/Air       ##....       1%          2    None
 Shroud of Golubria       Chrm/Tloc      ###.......   1%          2    None
 Song of Slaying          Chrm           ##......     1%          2    None
 Sticks to Snakes         Tmut           ##......     1%          2    None
 Throw Frost              Conj/Ice       #####.       1%          2    None
 Gell's Gravitas          Tloc           ####......   1%          3    None
 Inner Flame              Hex/Fire       #####...     1%          3    None
 Lesser Beckoning         Tloc           ####......   1%          3    None
 Teleport Other           Tloc           ####....     1%          3    None
 Ozocubu's Armour         Chrm/Ice       ###.....     2%          3    None
 Spectral Weapon          Hex/Chrm       ##......     3%          3    None
 Spider Form              Tmut/Pois      ##........   4%          3    None
 Poison Arrow             Conj/Pois      #####.....   4%          6    #####..
 Freezing Cloud           Conj/Ice/Air   ####......   8%          6    #####..
 Ice Form                 Ice/Tmut       ###.....     9%          4    None
 Summon Ice Beast         Ice/Summ       ###.....     9%          4    None
 Summon Lightning Spire   Summ/Air       ##......     14%         4    None
 Blade Hands              Tmut           ##........   38%         5    ###....
 Summon Demon             Summ           ##........   38%         5    ###....
 Ring of Flames           Chrm/Fire      #####.....   56%         7    ######.
 Chain Lightning          Conj/Air       #####.....   77%         8    #######
 Lehudib's Crystal Spear  Conj/Erth      #####.....   77%         8    #######
 Fire Storm               Conj/Fire      ######....   77%         9    #######
 Glaciate                 Conj/Ice       #####.....   100%        9    #######


Dungeon Overview and Level Annotations

Branches:
Dungeon (14/15)            Temple (1/1) D:4            Lair (6/6) D:9
 Shoals (0/4) Lair:3       Spider (0/4) Lair:4          Orc (2/2) D:11
    Elf (0/3) Orc:2
  Slime: Lair:5-6    Vaults: D:13-14

Altars:
Ashenzari
Cheibriados
Dithmenos
Elyvilon
Fedhas
Gozag
Hepliaklqana
Kikubaaqudgha
Makhleb
Nemelex Xobeh
Okawaru
Qazlal
Ru
Sif Muna
Trog
Uskayaw
Vehumet
Wu Jian
Xom
Yredelemnul
Zin
The Shining One
Beogh
Jiyva

Shops:
Orc:2 *}*%

Annotations:
D:2 1 runed door
D:4 Ijyb
D:5 exclusion: Dowan, Dowan, Duvessa
D:14 Agnes; Rupert
Lair:2 3 runed doors, Buarolus's ghost, journeyman DEFE
Lair:5 exclusion: 2 oklob plants


Innate Abilities, Weirdness & Mutations

You are frail. (-10% HP)
Your system is resistant to poisons. (rPois)
Your spells are a little easier to cast, but a little less powerful.


Message History

Rupert hits you with a +4 executioner's axe of flaming!!
* * * LOW HITPOINT WARNING * * *
Rupert burns you!
* * * LOW HITPOINT WARNING * * *
You take 35 damage, and have 27/80 hp.
MASSIVE DAMAGE!!
You now have 11/32 mp.
Rupert burns!
Rupert burns!
Rupert burns!
Rupert completely misses you.
Rupert burns!
Rupert stops burning.
Okay, then.
Aim: Rupert, wielding a +4 executioner's axe of flaming and wearing a +0 leather armour (heavily wounded, berserk, fast, unusually strong)
The sticky flame hits Rupert!
Rupert is covered in liquid flames!
* * * LOW MAGIC WARNING * * *
Rupert burns!
Rupert hits you with a +4 executioner's axe of flaming!!
* * * LOW HITPOINT WARNING * * *
Rupert burns you!
You die...

#.......#...##.<.
#.......#........
#.......#.>......
#############.......######...
#...................#...##...
#...................#...##...
#...................#..(#####
#...................#........
#...........@@......'........
###############.....#...##...
####'##^..##.(.
#.....#....#...
#.....#...##...
#...<.#...##...
#######...##... #...##...
#...


You could see Rupert (berserk).

Vault maps used:
D:1:      saegor_arrival_simple_c
D:2:      first_ration, corexii_item_surrounded_by_moat, supply_closet_lemuel,
          kennysheep_cluttered_room, nemelex_xobeh_ov_fountains_minmay,
          uniq_crazy_yiuf_cottage
D:3:      gup_sewer_entry_glass
D:4:      nicolae_overflow_crystal_walls, nicolae_overflow_quartered_altars,
          minmay_temple_entry_stoned_glass, minmay_mini_ossuary, uniq_ijyb
D:5:      basic_altar, uniq_duvessa
D:6:      uniq_sigmund
D:7:      minivault_5, chequers_serial_rivers_small_a
D:8:      grunt_temple_overflow_magic_moments, elyvilon_altar_5, uniq_erica
D:9:      grunt_temple_overflow_forces_of_nature, slow_altar_2,
          nicolae_tso_besieged_by_evil, minmay_lair_entry_grove, grunt_livestock
D:11:     hiddenorc1_lemuel, ebering_ghost_rock_garden
D:12:     minmay_evil_eye, fedhas_altar_3
D:13:     hex_medium
D:14:     david_vaults_2, minivault_14, uniq_agnes, uniq_rupert, uniq_josephine
Temple:   nicolae_temple_figure_zero
Lair:1:   serial_bayou_pond_c, serial_bayou_shore_a
Lair:2:   gammafunk_ghost_ooze, serial_bayou_shore_b, lemuel_fruit_fields,
          infiniplex_staircase_pool, grunt_megastairs_3, lemuel_fruit_tree
Lair:3:   minmay_shoals_entry_hut, gauntlet_entry_generic, serial_bayou,
          serial_bayou_pond_a, serial_bayou_lagoon_a, serial_bayou_shore_b,
          serial_bayou_crossing
Lair:4:   minmay_lair_venomous_thicket, dummy_spider_entry, uniq_snorg
Lair:5:   minmay_slime_entry_oklob_enclosed, grunt_megastairs_5,
          serial_bayou_shore_b
Lair:6:   gammafunk_lair_ancient_temple, chequers_serial_rivers_large_a
Orc:1:    basic_altar
Orc:2:    st_orc_open, basic_altar, abandoned_shop, uniq_urug
Sewer:    sewer_co_scattered_pipes
Gauntlet: minmay_gauntlet_77_indecision

Notes
Turn   | Place    | Note
-------+----------+-------------------------------------------
     0 | D:1      | varaam the Deep Elf Fire Elementalist began the quest for
                  | the Orb.
     0 | D:1      | Reached XP level 1. HP: 10/10 MP: 6/6
   104 | D:1      | Identified a ring of protection (You found it on level 1 of
                  | the Dungeon)
   254 | D:1      | Identified a +0 club
   298 | D:1      | Identified a cursed -2 club
   300 | D:1      | Reached XP level 2. HP: 15/15 MP: 8/8
   410 | D:1      | Reached skill level 2 in Conjurations
   971 | D:2      | Reached XP level 3. HP: 19/19 MP: 7/10
  1076 | D:2      | Found a sparkling altar of Nemelex Xobeh.
  1290 | D:2      | Reached skill level 3 in Conjurations
  1348 | D:2      | Identified a +0 short sword
  1438 | D:2      | Identified a +0 club
  1483 | D:2      | Reached XP level 4. HP: 24/24 MP: 8/11
  1593 | D:2      | Identified an amulet of rage (You found it on level 2 of
                  | the Dungeon)
  1737 | D:2      | Found a runed door.
  1783 | D:2      | Reached skill level 4 in Fire Magic
  2086 | D:3      | Identified a +0 club
  2090 | D:3      | Reached skill level 4 in Spellcasting
  2126 | D:3      | Identified a +0 whip
  2126 | D:3      | Identified a +0 chain mail
  2179 | D:3      | Identified a +0 dagger
  2184 | D:3      | Found a glowing drain.
  2213 | Sewer    | Entered a sewer
  2285 | Sewer    | Identified a +0 club
  2292 | Sewer    | Learned a level 4 spell: Sticky Flame
  2296 | Sewer    | Learned a level 3 spell: Conjure Flame
  2296 | Sewer    | Identified 3 scrolls of identify
  2296 | Sewer    | Identified a +0 spear of piercing (You found it on level 2
                  | of the Dungeon)
  2299 | Sewer    | Identified a +0 short sword
  2608 | Sewer    | Identified a +0 dagger
  2761 | Sewer    | Reached XP level 5. HP: 28/28 MP: 11/13
  3026 | Sewer    | Identified a +0 dagger
  3026 | Sewer    | Identified a +0 blowgun
  3159 | D:3      | Identified a +0 dagger
  3159 | D:3      | Identified a +0 leather armour
  3264 | D:3      | Identified a +0 dagger
  3326 | D:3      | Identified an amulet of the acrobat (You found it on level
                  | 3 of the Dungeon)
  3448 | D:3      | Reached skill level 4 in Conjurations
  3718 | D:4      | Found a staircase to the Ecumenical Temple.
  3737 | Temple   | Entered the Ecumenical Temple
  4000 | D:4      | Identified a ring of dexterity (You found it on level 4 of
                  | the Dungeon)
  4018 | D:4      | Noticed a phantom
  4261 | D:4      | Identified a +0 dagger
  4264 | D:4      | Identified 4 potions of curing
  4265 | D:4      | Identified 4 potions of heal wounds
  4266 | D:4      | Identified 2 potions of brilliance
  4343 | D:4      | Identified a +0 dagger
  4343 | D:4      | Identified a +0 robe
  4344 | D:4      | Identified a +0 club
  4344 | D:4      | Identified a +0 ring mail
  4482 | D:4      | Found a shattered altar of Ashenzari.
  4593 | D:4      | Found a hide-covered altar of Uskayaw.
  4624 | D:4      | Found a shimmering altar of Xom.
  4633 | D:4      | Found an ornate altar of the Wu Jian Council.
  4641 | D:4      | Found a basalt altar of Yredelemnul.
  4682 | D:4      | Reached XP level 6. HP: 32/32 MP: 13/15
  4693 | D:4      | Identified a +0 ring mail
  4693 | D:4      | Noticed Ijyb
  4715 | D:5      | Entered Level 5 of the Dungeon
  4786 | D:5      | Reached skill level 5 in Spellcasting
  4795 | D:5      | Reached skill level 5 in Conjurations
  4870 | D:5      | Learned a level 5 spell: Fireball
  4883 | D:5      | Noticed a sky beast
  4902 | D:5      | Identified a +0 club
  4903 | D:5      | Identified a +0 trident
  4904 | D:5      | Identified a +2 dagger of venom
  4904 | D:5      | Identified a +0 ring mail
  4917 | D:5      | Reached skill level 5 in Fire Magic
  4930 | D:5      | Noticed a sky beast
  4956 | D:5      | Killed a sky beast
  5079 | D:5      | Identified a +0 morningstar
  5194 | D:5      | Identified a +0 shortbow
  5212 | D:5      | Reached XP level 7. HP: 19/36 MP: 9/17
  5424 | D:5      | Found a basalt altar of Yredelemnul.
  5435 | D:5      | Identified a +0 pair of gloves (You found it on level 5 of
                  | the Dungeon)
  5663 | D:5      | Identified a +0 short sword
  5663 | D:5      | Identified a +0 leather armour
  5663 | D:5      | Noticed Duvessa
  5721 | D:5      | Reached skill level 6 in Conjurations
  5805 | D:6      | Got an ichor-stained short sword
  5841 | D:6      | Reached skill level 6 in Spellcasting
  5841 | D:6      | Reached skill level 6 in Fire Magic
  5961 | D:6      | Identified a +0 scythe
  5961 | D:6      | Identified a +0 robe
  5961 | D:6      | Noticed Sigmund
  6190 | D:6      | Identified the +10 short sword of the Gloaming {pain,
                  | rElec} (You found it on level 6 of the Dungeon)
  6191 | D:6      | Identified 2 potions of haste
  6611 | D:7      | Reached XP level 8. HP: 42/42 MP: 11/19
  6900 | D:7      | Reached skill level 1 in Fighting
  6900 | D:7      | Reached skill level 1 in Short Blades
  6900 | D:7      | Reached skill level 3 in Dodging
  7006 | D:7      | Identified a +0 club
  7007 | D:7      | Identified a +0 short sword
  7007 | D:7      | Identified a cursed -3 falchion
  7007 | D:7      | Identified a +0 leather armour
  7020 | D:7      | Identified a +0 whip
  7026 | D:7      | Reached skill level 7 in Conjurations
  7382 | D:7      | Reached skill level 7 in Fire Magic
  7439 | D:7      | Identified a +0 flail
  7439 | D:7      | Identified a +0 leather armour
  7652 | D:7      | Reached skill level 2 in Short Blades
  7860 | D:7      | Identified a cursed +0 giant spiked club
  8079 | D:6      | Identified a cursed -3 dagger
  8079 | D:6      | Identified a +0 chain mail
  8120 | D:6      | Identified a +0 mace
  8120 | D:6      | Identified a cursed +0 chain mail
  8120 | D:6      | Identified an uncursed amulet of harm
  8121 | D:6      | Identified a +1 flail of protection
  8121 | D:6      | Identified a +0 leather armour
  8243 | D:6      | Killed Sigmund
  8243 | D:6      | Reached skill level 2 in Fighting
  8243 | D:6      | Reached skill level 4 in Dodging
  8243 | D:6      | Reached skill level 7 in Spellcasting
  8301 | D:5      | Identified a +0 dagger
  8301 | D:5      | Identified a +0 robe
  8301 | D:5      | Noticed Dowan
  8840 | D:7      | Reached XP level 9. HP: 48/48 MP: 15/21
  9152 | D:8      | Noticed a troll
  9161 | D:8      | Killed a troll
  9161 | D:8      | Identified a +0 troll leather armour
  9167 | D:8      | Reached skill level 8 in Conjurations
  9274 | D:8      | Found a radiant altar of Vehumet.
  9274 | D:8      | Found an ancient bone altar of Kikubaaqudgha.
  9276 | D:8      | Found a deep blue altar of Sif Muna.
  9283 | D:8      | Identified Vehumet's Tome of Confrontation
  9286 | D:8      | Became a worshipper of Vehumet
  9329 | D:8      | Identified 4 scrolls of fear
  9419 | D:8      | Identified a +0 club
  9421 | D:8      | Identified a +0 whip
  9429 | D:8      | Reached skill level 8 in Fire Magic
  9429 | D:8      | Identified a +0 dagger
  9435 | D:8      | Identified a +0 blowgun
  9447 | D:8      | Reached skill level 3 in Short Blades
  9631 | D:8      | Identified a +2 scimitar of flaming
  9631 | D:8      | Identified a +0 robe
  9631 | D:8      | Noticed Erica
  9914 | D:8      | Found a white marble altar of Elyvilon.
  9981 | D:9      | Identified a ring of ice (You found it on level 9 of the
                  | Dungeon)
 10008 | D:7      | Identified 3 scrolls of blinking
 10009 | D:7      | Identified 3 scrolls of teleportation
 10010 | D:7      | Identified 3 scrolls of enchant weapon
 10011 | D:7      | Identified a cursed -1 rapier (You found it on level 7 of
                  | the Dungeon)
 10012 | D:7      | Identified 2 scrolls of immolation
 10013 | D:7      | Identified a scroll of enchant armour
 10014 | D:7      | Identified a scroll of amnesia
 10015 | D:7      | Identified a scroll of magic mapping
 10016 | D:7      | Identified a scroll of remove curse
 10195 | D:8      | Killed Erica
 10195 | D:8      | Reached skill level 3 in Fighting
 10195 | D:8      | Reached skill level 5 in Dodging
 10576 | D:8      | Identified a ring of protection from cold (You found it on
                  | level 8 of the Dungeon)
 10811 | D:9      | Identified a +0 giant club
 10816 | D:9      | Reached skill level 8 in Spellcasting
 10825 | D:9      | Identified 2 potions of magic
 10851 | D:9      | Identified a +0 dagger
 10851 | D:9      | Identified a +0 robe
 10851 | D:9      | Identified a cursed -3 dagger
 10851 | D:9      | Identified a +0 robe
 10852 | D:9      | Identified a +0 flail
 10934 | D:9      | Reached skill level 9 in Conjurations
 10938 | D:9      | Reached XP level 10. HP: 49/56 MP: 5/24
 10942 | D:9      | Reached skill level 9 in Fire Magic
 10999 | D:9      | Found a snail-covered altar of Cheibriados.
 11113 | D:9      | Identified a +2 pair of gloves (You found it on level 9 of
                  | the Dungeon)
 11203 | D:9      | Found a blossoming altar of Fedhas.
 11204 | D:9      | Found a stormy altar of Qazlal.
 11277 | D:9      | Identified a +0 giant club
 11359 | D:9      | Identified a +0 whip
 11359 | D:9      | Identified a +0 blowgun
 11359 | D:9      | Identified a +0 vampiric short sword
 11384 | D:9      | Identified a +0 dagger
 11385 | D:9      | Identified a +0 whip of venom
 11386 | D:9      | Identified a +0 short sword
 11404 | D:9      | Reached skill level 4 in Short Blades
 11516 | D:9      | Reached * piety under Vehumet
 11516 | D:9      | Offered knowledge of Shock by Vehumet.
 11670 | D:9      | Identified a +0 club
 11675 | D:9      | Found a staircase to the Lair.
 11793 | D:9      | Reached skill level 6 in Dodging
 11886 | D:9      | Identified a +0 long sword
 11886 | D:9      | Identified a +0 plate armour
 12073 | D:9      | Found a glowing golden altar of the Shining One.
 12094 | D:9      | Offered knowledge of Searing Ray by Vehumet.
 12098 | D:9      | Reached ** piety under Vehumet
 12320 | D:9      | Identified a cursed -1 hand axe
 12320 | D:9      | Identified a +0 animal skin
 12351 | D:9      | Reached skill level 10 in Conjurations
 12351 | D:9      | Reached skill level 10 in Fire Magic
 12519 | D:10     | Entered Level 10 of the Dungeon
 12519 | D:10     | Identified a +0 broad axe
 12519 | D:10     | Identified a +0 leather armour
 12519 | D:10     | Identified a +0 broad axe
 12519 | D:10     | Identified a +0 robe
 12519 | D:10     | Identified a +0 hand axe
 12519 | D:10     | Identified a +0 leather armour
 12521 | D:10     | Reached skill level 4 in Fighting
 12521 | D:10     | Reached skill level 9 in Spellcasting
 12522 | D:10     | Reached skill level 1 in Armour
 12523 | D:10     | Reached skill level 5 in Short Blades
 12711 | D:10     | Identified a +0 short sword
 12711 | D:10     | Identified a +0 blowgun
 12711 | D:10     | Identified a +0 short sword
 12828 | D:10     | Identified a +0 giant club
 12828 | D:10     | Identified a +0 hand axe
 12829 | D:10     | Identified a +1 dagger of speed
 12829 | D:10     | Identified a +0 robe
 12833 | D:10     | Identified a +0 mace
 12956 | D:10     | Reached XP level 11. HP: 58/62 MP: 12/26
 13245 | D:10     | Reached skill level 2 in Armour
 13724 | Lair:1   | Entered Level 1 of the Lair of Beasts
 13985 | Lair:1   | Reached skill level 5 in Fighting
 13985 | Lair:1   | Reached skill level 10 in Spellcasting
 14011 | Lair:1   | Reached skill level 6 in Short Blades
 14035 | Lair:1   | Offered knowledge of Throw Frost by Vehumet.
 14035 | Lair:1   | Reached skill level 3 in Armour
 14318 | Lair:1   | Identified a +0 cloak (You found it on level 1 of the Lair
                  | of Beasts)
 15081 | Lair:2   | Identified 3 potions of flight
 15170 | Lair:2   | Reached *** piety under Vehumet
 15170 | Lair:2   | Reached skill level 7 in Short Blades
 15252 | Lair:2   | Found a runed gate.
 15253 | Lair:2   | Noticed a death ooze
 15254 | Lair:2   | Found a runed gate.
 15254 | Lair:2   | Found a viscous altar of Jiyva.
 15254 | Lair:2   | Found a runed gate.
 15254 | Lair:2   | Noticed Buarolus's ghost (journeyman DEFE)
 15414 | Lair:2   | Noticed a catoblepas
 15468 | Lair:2   | Learned a level 2 spell: Blink
 15545 | Lair:2   | Reached XP level 12. HP: 43/69 MP: 21/28
 15619 | Lair:2   | Identified a ring of fire (You found it on level 2 of the
                  | Lair of Beasts)
 15678 | Lair:2   | Reached skill level 4 in Armour
 15678 | Lair:2   | Reached skill level 1 in Translocations
 15833 | Lair:2   | Killed a catoblepas
 16199 | Lair:2   | Reached skill level 2 in Translocations
 16201 | Lair:2   | Reached skill level 6 in Fighting
 16451 | Lair:3   | Noticed a four-headed hydra
 16452 | Lair:3   | Offered knowledge of Static Discharge by Vehumet.
 16465 | Lair:3   | Killed a four-headed hydra
 16465 | Lair:3   | Reached skill level 8 in Short Blades
 16466 | Lair:3   | Noticed a four-headed hydra
 16667 | Lair:2   | Killed a four-headed hydra
 16667 | Lair:2   | Reached skill level 11 in Conjurations
 16769 | Lair:3   | Reached skill level 11 in Fire Magic
 16795 | Lair:3   | Found a gate leading to a gauntlet.
 16804 | Gauntlet | Entered a Gauntlet
 16804 | Gauntlet | Found a transporter.
 16804 | Gauntlet | Found a transporter.
 16804 | Gauntlet | Identified a +0 great sword
 16804 | Gauntlet | Identified a +0 ring mail
 16804 | Gauntlet | Noticed a tengu warrior
 16805 | Gauntlet | Identified a +0 buckler
 16816 | Gauntlet | Found a transporter.
 16820 | Gauntlet | Found a transporter.
 16828 | Gauntlet | Found a transporter.
 16832 | Gauntlet | Found a transporter.
 16840 | Gauntlet | Found a transporter.
 16856 | Gauntlet | Found a transporter.
 16857 | Gauntlet | Noticed a death yak
 16857 | Gauntlet | Noticed a death yak
 16863 | Gauntlet | Noticed a death yak
 16870 | Gauntlet | Found a transporter.
 16874 | Gauntlet | Found a transporter.
 16883 | Gauntlet | Found a transporter.
 16886 | Gauntlet | Found a transporter.
 16919 | Gauntlet | Reached skill level 3 in Translocations
 17073 | Gauntlet | Got a pair of ancient gloves
 17090 | Gauntlet | HP: 14/70 [torpor snail (16)]
 17099 | Gauntlet | Identified a +0 plate armour
 17099 | Gauntlet | Identified an uncursed ring of flight
 17099 | Gauntlet | Noticed a minotaur
 17111 | Gauntlet | HP: 3/70 [minotaur/javelin (18)]
 17118 | Gauntlet | Killed a minotaur
 17119 | Gauntlet | HP: 15/70 [death yak (3)]
 17144 | Gauntlet | Killed a death yak
 17144 | Gauntlet | Reached skill level 9 in Short Blades
 17144 | Gauntlet | Reached skill level 5 in Armour
 17187 | Gauntlet | Identified Sif Muna's Volume of Creative Stolen Souls
 17193 | Gauntlet | Identified the Compendium of Unholy Cold
 17199 | Gauntlet | Identified a +3 hunting sling (You found it on level 7 of
                  | the Dungeon)
 17210 | Gauntlet | Identified the cursed +0 pair of gloves of Narcissism
                  | {Regen+} (You found it in a Gauntlet)
 17211 | Gauntlet | Identified an amulet of guardian spirit (You found it in a
                  | Gauntlet)
 17220 | Gauntlet | Got an ichor-stained robe
 17238 | Gauntlet | Identified the +2 robe "Giocorhe" {Int+2 Dex+3} (You found
                  | it in a Gauntlet)
 17240 | Gauntlet | Got a faintly humming robe
 17251 | Gauntlet | Identified the +1 robe "Nolal" {MP+9 Dex+4 Slay+3} (You
                  | found it in a Gauntlet)
 17270 | Gauntlet | Identified a +2 cloak of magic resistance (You found it in
                  | a Gauntlet)
 17313 | Gauntlet | Learned a level 3 spell: Vampiric Draining
 17448 | Lair:3   | Reached skill level 1 in Necromancy
 17448 | Lair:3   | Reached skill level 4 in Translocations
 17626 | Lair:3   | Noticed a six-headed hydra
 17633 | Lair:3   | Killed a six-headed hydra
 17751 | Lair:3   | Identified a +0 pair of boots (You found it on level 3 of
                  | the Lair of Beasts)
 17959 | Lair:3   | Found a staircase to the Shoals.
 17979 | Lair:3   | Reached **** piety under Vehumet
 18290 | Lair:4   | Reached skill level 2 in Necromancy
 18465 | Lair:4   | HP: 9/70 [wolf spider (9)]
 18471 | Lair:4   | HP: 5/70 [wolf spider (12)]
 18472 | Lair:4   | Offered knowledge of Airstrike by Vehumet.
 18472 | Lair:4   | Reached XP level 13. HP: 5/74 MP: 29/29
 18478 | Lair:4   | Learned a level 4 spell: Passage of Golubria
 18753 | Lair:4   | Identified a scroll of torment
 18788 | Lair:4   | HP: 18/74 [poisoned by a wolf spider]
 18791 | Lair:4   | Reached skill level 3 in Necromancy
 19121 | Lair:4   | Noticed Snorg
 19137 | Lair:4   | Killed Snorg
 19137 | Lair:4   | Identified a +3 troll leather armour {Snorg}
 19261 | Lair:4   | Learned a level 5 spell: Summon Mana Viper
 19468 | Lair:5   | Reached skill level 7 in Dodging
 19494 | Lair:5   | Upgraded the game from 0.23-a0-814-g91b4073 to
                  | 0.23-a0-819-g6debee6
 19580 | Lair:4   | Learned a level 4 spell: Throw Icicle
 19597 | Lair:5   | Reached skill level 4 in Necromancy
 19789 | Lair:4   | Found a hole to the Spider Nest.
 20132 | Lair:5   | HP: 17/74 [komodo dragon (18)]
 20764 | Lair:5   | Reached skill level 6 in Armour
 20768 | Lair:5   | Reached skill level 8 in Dodging
 21351 | Lair:6   | Entered Level 6 of the Lair of Beasts
 21443 | Lair:6   | Identified a ring of protection from fire (You found it on
                  | level 5 of the Lair of Beasts)
 21449 | Lair:6   | Identified 2 potions of might
 21450 | Lair:6   | Identified 2 scrolls of holy word
 21451 | Lair:6   | Identified 3 potions of invisibility
 21452 | Lair:6   | Identified 2 scrolls of random uselessness
 21835 | Lair:6   | Reached skill level 9 in Dodging
 21971 | Lair:6   | Reached ***** piety under Vehumet
 22176 | Lair:6   | Offered knowledge of Yara's Violent Unravelling by Vehumet.
 22317 | Lair:6   | Reached skill level 10 in Short Blades
 22545 | Lair:6   | Reached skill level 11 in Spellcasting
 22547 | Lair:6   | Noticed a dire elephant
 22797 | Lair:6   | Killed a dire elephant
 22797 | Lair:6   | Reached skill level 12 in Conjurations
 22820 | Lair:6   | Reached skill level 1 in Ice Magic
 22967 | Lair:6   | Reached skill level 12 in Fire Magic
 22967 | Lair:6   | Reached XP level 14. HP: 80/80 MP: 21/31
 23124 | Lair:6   | Identified a +3 broad axe of holy wrath (You found it on
                  | level 6 of the Lair of Beasts)
 23690 | D:9      | Identified 2 potions of mutation
 23691 | D:9      | Identified 3 potions of degeneration
 23719 | D:9      | Learned a level 3 spell: Mephitic Cloud
 23782 | D:11     | Identified a +0 giant spiked club
 23794 | D:11     | Identified a +0 shortbow of velocity
 23796 | D:11     | Identified a +0 shortbow
 23797 | D:11     | Identified a +0 shortbow
 23990 | D:11     | Identified a +2 shortbow of flaming
 23990 | D:11     | Identified a +0 shortbow
 23991 | D:11     | Identified a +0 shortbow
 23992 | D:11     | Identified a +0 shortbow
 23992 | D:11     | Identified a +0 shortbow
 23993 | D:11     | Identified a +0 shortbow
 23994 | D:11     | Reached skill level 2 in Ice Magic
 24009 | D:11     | Identified a +1 whip of electrocution
 24020 | D:11     | Identified a +0 dagger
 24124 | D:11     | Identified a +0 flail
 24208 | D:11     | Identified a +0 war axe
 24208 | D:11     | Identified a +0 chain mail
 24351 | D:11     | Identified a +0 dagger
 24351 | D:11     | Identified a +0 chain mail
 24351 | D:11     | Identified a +0 dagger
 24351 | D:11     | Identified a +0 leather armour
 24351 | D:11     | Identified a +0 whip
 24351 | D:11     | Identified a +0 leather armour
 24352 | D:11     | Identified a +0 leather armour
 24352 | D:11     | Identified a +0 falchion
 24353 | D:11     | Identified a +3 hand axe
 24353 | D:11     | Identified a +0 leather armour
 24353 | D:11     | Identified a +0 whip
 24353 | D:11     | Identified a +0 scale mail
 24353 | D:11     | Identified a +0 dagger
 24353 | D:11     | Identified a +0 flail
 24353 | D:11     | Identified a +0 dagger
 24354 | D:11     | Identified a cursed -1 flail
 24354 | D:11     | Identified a +0 scale mail
 24354 | D:11     | Identified a +0 war axe
 24354 | D:11     | Identified a +0 leather armour
 24354 | D:11     | Identified a +0 glaive
 24354 | D:11     | Identified a +0 plate armour
 24403 | D:11     | Identified a +0 quarterstaff
 24434 | D:11     | Found a staircase to the Orcish Mines.
 24487 | D:11     | Identified a +0 shortbow
 24524 | D:11     | Offered knowledge of Bolt of Magma by Vehumet.
 24551 | D:11     | Identified a +0 troll leather armour
 24663 | D:11     | Found a runed gate.
 24666 | D:11     | Found a runed gate.
 24666 | D:11     | Found a runed gate.
 24666 | D:11     | Noticed tidbits's ghost (journeyman GnSk)
 24878 | D:11     | Identified a +0 short sword
 24878 | D:11     | Identified a +0 whip
 24878 | D:11     | Identified a +0 club
 24885 | D:11     | Identified a +0 dagger
 24885 | D:11     | Identified a +0 robe
 24885 | D:11     | Identified a +0 dagger
 25245 | D:11     | Killed tidbits's ghost
 25245 | D:11     | Reached skill level 10 in Dodging
 25438 | Orc:1    | Entered Level 1 of the Orcish Mines
 25445 | Orc:1    | Identified a +0 falchion
 25445 | Orc:1    | Identified a +0 scale mail
 25447 | Orc:1    | Identified a cursed -2 mace
 25447 | Orc:1    | Identified a +0 ring mail
 25447 | Orc:1    | Identified a +0 war axe
 25447 | Orc:1    | Identified a +0 chain mail
 25447 | Orc:1    | Identified a +2 mace of protection
 25447 | Orc:1    | Identified a +3 great sword of electrocution
 25447 | Orc:1    | Identified a +0 plate armour
 25447 | Orc:1    | Noticed an orc warlord
 25449 | Orc:1    | Identified a +0 falchion
 25452 | Orc:1    | Identified a +0 dagger
 25452 | Orc:1    | Identified a cursed +0 robe
 25453 | Orc:1    | Identified a +0 falchion
 25585 | D:11     | Killed an orc warlord
 25585 | D:11     | Reached skill level 7 in Fighting
 25585 | D:11     | Reached skill level 11 in Short Blades
 25760 | Orc:1    | Found a shimmering altar of Xom.
 25803 | Orc:2    | Entered Level 2 of the Orcish Mines
 25804 | Orc:2    | Identified a +3 demon trident
 25804 | Orc:2    | Identified a +0 ring mail
 25804 | Orc:2    | Noticed Urug
 25813 | Orc:2    | Killed Urug
 25911 | Orc:2    | Found Rician's Food Boutique.
 25914 | Orc:2    | Identified a +0 giant club
 25914 | Orc:2    | Identified a +0 giant club
 25915 | Orc:2    | Identified a +0 giant spiked club
 25915 | Orc:2    | Identified a +0 giant club
 25915 | Orc:2    | Identified a +0 giant club
 25915 | Orc:2    | Identified a +0 giant club
 25915 | Orc:2    | Identified a +0 giant spiked club
 25916 | Orc:2    | Identified a +0 giant club
 25916 | Orc:2    | Identified a +0 giant spiked club
 25917 | Orc:2    | Identified a +0 troll leather armour
 25917 | Orc:2    | Identified a +0 giant club
 25917 | Orc:2    | Identified a +0 giant spiked club
 25917 | Orc:2    | Identified a +0 giant club
 25917 | Orc:2    | Identified a +0 giant club
 25917 | Orc:2    | Identified a +0 dire flail
 25918 | Orc:2    | Identified a +0 halberd
 25918 | Orc:2    | Identified a +0 robe
 25928 | Orc:2    | Identified a +0 giant club
 25942 | Orc:2    | Identified a +0 giant club
 25957 | Orc:1    | HP: 16/82 [two-headed ogre/+0 giant club (23)]
 26066 | Orc:1    | You fall through a shaft!
 26066 | Orc:2    | Found a staircase to the Elven Halls.
 26091 | Orc:2    | Identified a +0 dagger of venom
 26091 | Orc:2    | Identified a +2 robe
 26146 | Orc:2    | Identified a +0 giant spiked club
 26174 | Orc:2    | Identified a +0 giant spiked club
 26206 | Orc:1    | Identified a +0 giant spiked club
 26213 | Orc:1    | Identified a +0 dagger
 26229 | Orc:1    | Identified a +0 mace
 26229 | Orc:1    | Identified a cursed +0 chain mail
 26231 | Orc:1    | Identified a +0 mace
 26231 | Orc:1    | Identified a +0 plate armour
 26232 | Orc:1    | Identified a +1 war axe of electrocution
 26237 | Orc:1    | Identified a +0 trident
 26515 | Orc:2    | Identified a +0 giant club
 26525 | Orc:2    | Identified a +0 giant spiked club
 26525 | Orc:2    | Identified a +0 giant spiked club
 26545 | Orc:2    | Identified a +0 giant club
 26550 | Orc:2    | Identified a +0 giant spiked club
 26550 | Orc:2    | Identified a +0 giant spiked club
 26550 | Orc:2    | Identified a +0 spear
 26550 | Orc:2    | Identified a +0 robe
 26553 | Orc:2    | Identified a +0 giant club
 26553 | Orc:2    | Identified a +0 giant club
 26554 | Orc:2    | Identified a +0 giant club
 26561 | Orc:2    | Identified a +0 troll leather armour
 26721 | Orc:1    | HP: 14/82 [ogre/+0 giant club (12)]
 27084 | Orc:2    | Found Kuda's Assorted Antiques.
 27085 | Orc:2    | Identified a cursed -2 giant spiked club
 27086 | Orc:2    | Found Nisyigg's Gadget Shoppe.
 27092 | Orc:2    | Reached skill level 12 in Short Blades
 27094 | Orc:2    | Identified a cursed +0 giant spiked club
 27097 | Orc:2    | Found a roughly hewn altar of Beogh.
 27140 | Orc:2    | Found Ipyjacwa's General Store.
 27198 | Orc:2    | Identified a +0 trident
 27198 | Orc:2    | Identified a +0 plate armour
 27199 | Orc:2    | Identified a +0 dagger
 27199 | Orc:2    | Identified a +0 chain mail
 27200 | Orc:2    | Identified a +2 dagger of electrocution
 27200 | Orc:2    | Identified a +0 robe
 27201 | Orc:2    | Identified a cursed -1 war axe
 27201 | Orc:2    | Identified a +0 plate armour
 27203 | Orc:2    | Identified a +0 dagger
 27203 | Orc:2    | Identified a +0 robe
 27203 | Orc:2    | Identified a +0 mace
 27203 | Orc:2    | Identified a +0 leather armour
 27207 | Orc:2    | Identified a +0 flail
 27207 | Orc:2    | Identified a cursed +0 scale mail
 27241 | Orc:2    | Identified a +0 dagger
 27241 | Orc:2    | Identified a +0 robe
 27363 | Orc:2    | Identified a +0 giant club
 27455 | Orc:2    | Identified a +0 spear of flaming
 27456 | Orc:2    | Identified a +0 whip
 27457 | Orc:2    | Identified a +0 halberd
 27948 | Orc:1    | Identified a +0 dagger
 27948 | Orc:1    | Identified a +0 robe
 27955 | Orc:1    | Identified a +0 short sword
 27956 | Orc:1    | Identified a +0 hand axe
 27956 | Orc:1    | Identified a +0 plate armour
 27957 | Orc:1    | Identified a +0 leather armour
 27957 | Orc:1    | Identified a +0 club
 27957 | Orc:1    | Identified a +0 leather armour
 27958 | Orc:1    | Identified a +3 battleaxe
 27958 | Orc:1    | Identified a cursed +0 plate armour
 27974 | Orc:1    | Identified a +0 giant spiked club
 28480 | D:12     | Identified a +0 dagger
 28480 | D:12     | Identified a +0 robe
 28481 | D:12     | Identified a +0 ring mail
 28482 | D:12     | Identified a +3 whip
 28489 | D:12     | Found a blossoming altar of Fedhas.
 28715 | D:12     | Identified a +0 ring mail
 28715 | D:12     | Identified a cursed -1 dagger
 28715 | D:12     | Identified a cursed +0 robe
 28715 | D:12     | Identified a +0 dagger
 28715 | D:12     | Identified a +0 robe
 28718 | D:12     | Identified a +0 rapier
 28718 | D:12     | Identified a +0 chain mail
 28810 | D:12     | Reached skill level 13 in Conjurations
 28972 | D:12     | Identified a +0 long sword
 28972 | D:12     | Identified a +0 ring mail
 28974 | D:12     | Reached skill level 13 in Fire Magic
 29013 | D:12     | Learned a level 3 spell: Regeneration
 29220 | D:12     | Reached skill level 8 in Fighting
 29335 | D:12     | Identified a +0 dagger
 29335 | D:12     | Identified a +0 robe
 29335 | D:12     | Identified a +0 short sword of venom
 29335 | D:12     | Identified a +0 short sword
 29335 | D:12     | Identified a +0 short sword
 29344 | D:12     | Reached XP level 15. HP: 88/88 MP: 25/32
 29466 | D:12     | Identified a +0 dagger
 29466 | D:12     | Identified a cursed +0 robe
 29467 | D:12     | Identified a +0 mace
 29468 | D:12     | Identified a +0 dagger
 29474 | D:12     | Identified a +0 dagger
 29474 | D:12     | Identified a +0 robe
 30126 | D:13     | Identified a +0 shortbow
 30386 | D:13     | Identified a +0 morningstar
 30386 | D:13     | Identified a +0 ring mail
 30387 | D:13     | Identified a +0 dagger
 30387 | D:13     | Identified a +0 leather armour
 30388 | D:13     | Identified a +0 flail
 30390 | D:13     | Identified a +4 short sword
 30390 | D:13     | Identified a +0 scale mail
 30830 | D:13     | Identified a ring of wizardry (You found it on level 13 of
                  | the Dungeon)
 30924 | D:14     | Gained mutation: You are frail. (-10% HP) [potion of
                  | mutation]
 30924 | D:14     | Gained mutation: Your spells are a little easier to cast,
                  | but a little less powerful. [potion of mutation]
 30924 | D:14     | Gained mutation: Your system is resistant to poisons.
                  | (rPois) [potion of mutation]
 30944 | D:14     | Identified a cursed -1 shortbow
 31023 | D:14     | Identified a cursed -3 short sword
 31043 | D:14     | Identified a +0 shortbow
 31045 | D:14     | Identified a +0 shortbow
 31045 | D:14     | Identified a cursed -3 shortbow
 31131 | D:14     | Identified a +2 lajatang of speed
 31131 | D:14     | Identified a +0 robe
 31131 | D:14     | Noticed Agnes
 31253 | D:14     | HP: 15/80 [Agnes/+2 lajatang of speed (27)]
 31507 | D:14     | Identified a +4 executioner's axe of flaming
 31507 | D:14     | Identified a +0 leather armour
 31507 | D:14     | Noticed Rupert
 31593 | D:14     | HP: 3/80 [Rupert/+4 executioner's axe of flaming (27)]
 31593 | D:14     | Mangled by Rupert

Table legend:
 A = Turns spent in this place as a percentage of turns spent in the entire game.
 B = Non-inter-level travel turns spent in this place as a percentage of non-inter-level travel turns spent in the entire game.
 C = Inter-level travel turns spent in this place as a percentage of turns spent in this place.
 D = Turns resting spent in this place as a percentage of non-inter-level travel turns spent in this place.
 E = Turns spent auto-exploring this place as a percentage of non-inter-level travel turns spent in this place.
 F = Non-inter-level travel turns spent in this place divided by the number of levels of this place that you've seen.
                   A       B       C       D       E      F
               +-------+-------+-------+-------+-------+----------------------
         Total | 100.0 | 100.0 |   4.2 |  12.4 |  57.4 | 1210.3
       Dungeon |  57.4 |  56.8 |   5.3 |  10.4 |  62.3 | 1227.7
        Temple |   0.5 |   0.5 |   0.0 |   0.0 |  91.7 | 144.0
          Lair |  29.4 |  29.6 |   3.5 |  13.4 |  55.1 | 1493.7
  Orcish Mines |   8.0 |   8.2 |   2.3 |  22.4 |  50.8 | 1237.0
         Sewer |   2.9 |   3.1 |   0.0 |  15.9 |  34.8 | 929.0
      Gauntlet |   1.8 |   1.9 |   0.0 |  11.4 |   0.0 | 561.0
               +-------+-------+-------+-------+-------+----------------------

Table legend:
 A = Kills in this place as a percentage of kills in entire the game.
 B = Kills by you in this place as a percentage of kills by you in the entire game.
 C = Kills by friends in this place as a percentage of kills by friends in the entire game.
 D = Other kills in this place as a percentage of other kills in the entire game.
 E = Experience gained in this place as a percentage of experience gained in the entire game.
 F = Experience gained in this place divided by the number of levels of this place that you have seen.
                   A       B       C       D       E      F
               +-------+-------+-------+-------+-------+----------------------
         Total | 100.0 | 100.0 |   N/A |   N/A | 100.0 | 4528.3
       Dungeon |  55.4 |  55.4 |   N/A |   N/A |  35.2 | 2844.2
          Lair |  29.2 |  29.2 |   N/A |   N/A |  45.6 | 8607.8
  Orcish Mines |  11.3 |  11.3 |   N/A |   N/A |  15.5 | 8768.5
         Sewer |   2.7 |   2.7 |   N/A |   N/A |   0.0 |  29.0
      Gauntlet |   1.4 |   1.4 |   N/A |   N/A |   3.7 | 4176.0
               +-------+-------+-------+-------+-------+----------------------

Skill      XL: |  1  2  3  4  5  6  7  8  9 10 11 12 13 14 |
---------------+-------------------------------------------+-----
Conjurations   | 2 3 4 5 6 7 9 10 11 12 13 | 13.4
Fire Magic     | 4 5 6 7 8 10 11 12 13 | 13.3
Spellcasting   | 4 5 6 7 8 9 10 11 | 11.0
Fighting       | 2 3 4 5 6 8 |  8.4
Short Blades   | 2 3 5 7 9 10 12 | 12.0
Dodging        | 4 5 6 9 10 | 10.0
Armour         | 1 3 5 6 |  6.0
Translocations | 4 |  4.1
Necromancy     | 2 4 |  4.2
Ice Magic      | 1 2 |  2.3
Stealth        | |  2.4
Charms         | |  0.5

Action                   |  1- 3 |  4- 6 |  7- 9 | 10-12 | 13-15 || total
-------------------------+-------+-------+-------+-------+-------++-------
Melee: Unarmed           |     1 |       |       |       |       ||     1
       Spear             |       |   131 |       |       |       ||   131
       Dagger            |       |     2 |     3 |       |       ||     5
       Short sword       |       |       |    84 |   201 |   367 ||   652
Throw: Tomahawk          |    17 |     5 |    12 |    26 |    10 ||    70
       Javelin           |       |       |       |       |     6 ||     6
 Cast: Flame Tongue      |    56 |   109 |   168 |   220 |   179 ||   732
       Sticky Flame      |       |     9 |    23 |   115 |   179 ||   326
       Conjure Flame     |       |     1 |     2 |       |     1 ||     4
       Fireball          |       |       |     2 |    32 |   156 ||   190
       Blink             |       |       |       |     7 |       ||     7
       Throw Icicle      |       |       |       |       |    33 ||    33
       Passage of Golubr |       |       |       |       |     2 ||     2
       Vampiric Draining |       |       |       |       |     1 ||     1
       Mephitic Cloud    |       |       |       |       |    18 ||    18
Evoke: Wand              |       |       |       |     2 |     1 ||     3
  Use: Scroll            |       |     5 |    12 |     6 |    14 ||    37
       Potion            |       |       |       |     7 |     3 ||    10
 Stab: Sleeping          |       |     1 |     2 |       |     4 ||     7
       Distracted        |       |       |       |     1 |       ||     1
       Confused          |       |       |       |       |     7 ||     7
  Eat: Chunk             |     2 |    13 |    10 |    18 |    42 ||    85
       Ration            |       |       |     3 |     4 |     5 ||    12
Armor: Robe              |     8 |    17 |    20 |     4 |   113 ||   162
       Troll leather arm |       |       |    11 |    88 |       ||    99
Dodge: Dodged            |    17 |    46 |   148 |   292 |   539 ||  1042

Vanquished Creatures
  An orc warlord (D:11)
  A minotaur (Gauntlet)
  A dire elephant (Lair:6)
  Snorg (Lair:4)
  2 ogre magi
  5 hydras
  The ghost of tidbits the Magician, a journeyman GnSk of Cheibriados (D:11)
  A catoblepas (Lair:2)
  2 centaur warriors
  Erica (D:8)
  A merfolk avatar (Lair:6)
  8 two-headed ogres
  3 death yaks
  Urug (Orc:2)
  A fire crab (Lair:5)
  2 sea snakes (Lair:6)
  An unseen horror (D:14)
  2 deep trolls
  A glowing orange brain (D:13)
  2 orc sorcerers (Orc:2)
  A harpy (shapeshifter) (Gauntlet)
  An orc knight (Orc:1)
  3 deep elf magi
  5 cyclopes
  2 ugly things (D:12)
  2 wolf spiders (Lair:4)
  4 manticores
  6 black mambas
  4 elephants (Lair:6)
  2 torpor snails
  A torpor snail (shapeshifter) (Gauntlet)
  11 spiny frogs
  A gargoyle (D:11)
  2 rime drakes
  9 komodo dragons
  2 kobold demonologists
  3 meliai (D:10)
  11 trolls
  2 polar bears (Lair:6)
  10 dream sheep (Lair:6)
  A wind drake (shapeshifter) (Gauntlet)
  2 hornets
  4 hippogriffs
  16 blink frogs
  A meliai zombie (D:10)
  A snapping turtle (Lair:3)
  A shadow (D:12)
  A ynoxinul (Gauntlet)
  Sigmund (D:6)
  2 vampires
  50 yaks
  3 hogs (D:9)
  4 wyverns
  8 basilisks
  4 vampire mosquitoes
  2 hungry ghosts
  A human (D:9)
  A warg (Orc:1)
  2 acid dragons
  16 water moccasins
  5 porcupines
  An ice beast (D:12)
  A black bear (D:10)
  9 orc warriors
  A necrophage (D:7)
  2 phantoms
  25 wolves
  6 sky beasts
  14 centaurs
  23 ogres
  15 crocodiles
  10 big kobolds
  14 bullfrogs
  A wyvern skeleton (D:8)
  7 scorpions
  9 killer bees
  3 electric eels
  A howler monkey (D:13)
  6 crimson imps
  2 centaur zombies (D:11)
  A quasit (D:8)
  4 bullfrog zombies
  4 centaur skeletons
  7 orc priests
  5 hounds
  2 jellies
  5 bullfrog skeletons
  2 iron imps (Gauntlet)
  12 orc wizards
  8 worker ants
  4 iguanas
  A killer bee zombie (D:8)
  2 hound skeletons
  A mummy (D:4)
  4 gnolls (Orc:2)
  24 adders
  3 shadow imps
  2 oozes (D:2)
  2 adder zombies (D:7)
  3 worms
  A dart slug (D:2)
  3 leopard geckos
  57 orcs
  4 bats
  7 giant cockroaches
  2 goblins
  5 hobgoblins
  19 jackals
  5 quokkas
  3 ball pythons (Sewer)
  7 frilled lizards
  2 goblin skeletons (D:9)
  2 goblin zombies (D:9)
  3 hobgoblin zombies
  A jackal skeleton (D:5)
  25 kobolds
  2 kobold skeletons (D:9)
  7 kobold zombies
  A leopard gecko skeleton (D:4)
  An orc skeleton (D:9)
  An orc zombie (D:9)
  A quokka skeleton (D:8)
  A quokka zombie (D:5)
  5 rats
  2 bushes (Lair:4)
  2 plants (Sewer)
661 creatures vanquished.

Vanquished Creatures (others)
  4 bushes (D:9)
  24 fungi
  30 plants
58 creatures vanquished.

Grand Total: 719 creatures vanquished
